 Dungeon Crawl Stone Soup version 0.26-a0-110-g95b6527cb0 (webtiles) character file.

Game seed: 5977709634276322967

35 Morbidden the Slasher (level 3, 33/35 HPs)
             Began as a Gnoll Berserker on June 23, 2020.
             Was a Follower of Trog.
             Quit the game on level 3 of the Dungeon.
             The game lasted 00:01:42 (915 turns).

Morbidden the Slasher (Gnoll Berserker)              Turns: 915, Time: 00:01:43

Health: 33/35      AC:  3    Str: 20    XL:     3   Next: 35%
Magic:  4/4        EV: 14    Int:  9    God:    Trog [*.....]
Gold:   93         SH:  0    Dex: 14    Spells: 3/3 levels left

rFire    . . .     SeeInvis +   a - +0 falchion
rCold    . . .     Faith    .   (no shield)
rNeg     . . .     Spirit   .   b - +0 animal skin
rPois    .         Reflect  .   (no helmet)
rElec    .         Harm     .   (no cloak)
rCorr    .                      (no gloves)
MR       .....                  j - +0 pair of boots
Stlth    ++........             (no amulet)
HPRegen  0.11/turn              l - ring of see invisible
MPRegen  0.09/turn              (no ring)

@: no status effects
A: distributed training, fangs 1, strong nose
a: Berserk, Renounce Religion


You were on level 3 of the Dungeon.
You worshipped Trog.
Trog was aware of your devotion.
You were not hungry.

You visited 1 branch of the dungeon, and saw 3 of its levels.

You collected 93 gold pieces.

Inventory:

Hand Weapons
 a - a +0 falchion (weapon)
Missiles
 h - 14 arrows
Armour
 b - a +0 animal skin (worn)
 j - a +0 pair of boots (worn)
Jewellery
 l - a ring of see invisible (left hand)
Scrolls
 d - 3 scrolls of remove curse {unknown}
 g - 3 scrolls of magic mapping {unknown}
 i - 2 scrolls of identify {unknown}
Potions
 e - 2 potions of curing {unknown}
 k - a potion of flight {unknown}
Comestibles
 c - 3 rations
 f - 5 chunks of flesh


   Skills:
 + Level 6.5 Fighting
 + Level 0.7 Short Blades
 + Level 6.5 Long Blades
 + Level 0.7 Axes
 + Level 0.7 Maces & Flails
 + Level 0.7 Polearms
 + Level 0.7 Staves
 + Level 0.7 Slings
 + Level 0.7 Bows
 + Level 0.7 Crossbows
 + Level 0.7 Throwing
 + Level 4.5 Armour
 + Level 4.5 Dodging
 + Level 0.7 Stealth
 + Level 0.7 Shields
 + Level 0.7 Unarmed Combat
 + Level 0.7 Spellcasting
 + Level 0.5 Conjurations
 + Level 0.5 Hexes
 + Level 0.5 Charms
 + Level 0.5 Summonings
 + Level 0.5 Necromancy
 + Level 0.5 Translocations
 + Level 0.5 Transmutations
 + Level 0.5 Fire Magic
 + Level 0.5 Ice Magic
 + Level 0.5 Air Magic
 + Level 0.5 Earth Magic
 + Level 0.5 Poison Magic
 + Level 0.9 Invocations
 + Level 0.7 Evocations


You had 3 spell levels left.
You didn't know any spells.
Your spell library was empty.

Dungeon Overview and Level Annotations

Branches:
Dungeon (3/15)

Altars:
Dithmenos


Innate Abilities, Weirdness & Mutations

Your experience applies equally to all skills.
You have very sharp teeth.
Your uncanny sense of smell can sniff out nearby items.


Message History

You hit the rat but do no damage.
A rat is nearby!
A rat is nearby!
You barely miss the rat. The rat bites you but does no damage.
A rat is nearby!
Unknown command.
You closely miss the rat. The rat misses you.
You hit the rat.
You kill the rat!
Trog accepts your kill.
No target in view!
No target in view!
Unknown command.
Quiver which item? (- for none, * to show all) (? for menu, Esc to quit)
Okay, then.
Unknown command.
Okay, then.
l - a ring of see invisible (left hand) Unknown command.
Are you sure you want to abandon this character and quit the game? (Confirm with "yes".)

...####.........###....##
... +.........+.......#
#.........#.###..##
#.......#.# ##.###
##..÷..##.# #...#
##...###.## ##.#.# ##'##
##.###.##.# #.#
##...###.# #@# ##### #.#
#.......# #.# #.####...
#.# ..?.. #.# $....## #.#
.....## #.# ##.#.## #...
∆


There were no monsters in sight!

Vanquished Creatures
  2 adders (D:2)
  2 worms (D:2)
  A leopard gecko (D:2)
  2 kobolds
  3 bats
  A goblin (D:1)
  3 rats
14 creatures vanquished.

Notes
Turn   | Place    | Note
-------+----------+-------------------------------------------
     0 | D:1      | Morbidden the Gnoll Berserker began the quest for the Orb.
     0 | D:1      | Reached XP level 1. HP: 23/23 MP: 1/1
    78 | D:1      | You fall into a shaft and drop 1 floor!
    92 | D:2      | Reached XP level 2. HP: 25/29 MP: 2/2
   280 | D:2      | Reached XP level 3. HP: 35/35 MP: 3/3
   853 | D:3      | Found a shadowy altar of Dithmenos.
   915 | D:3      | Quit the game

Illustrated notes

Levels and vault maps discovered:
D:1:      saegor_arrival_simple_a, layout_basic, chequers_serial_rivers_micro_a
D:2:      layout_basic
D:3:      layout_loops_corners, first_ration, grunt_dithmenos_smoke

Action                   || total
-------------------------++-------
Melee: Falchion          ||    37
       Bite              ||    10
Invok: Berserk           ||     3
 Stab: Sleeping          ||     1
  Eat: Chunk             ||     2
Armor: Animal skin       ||     5
Dodge: Dodged            ||    25
       Rpst.: Falchion   ||     8

Table legend:
 A = Non-vault XP
 B = Vault XP
 C = Vault XP percentage of total XP
 D = Non-vault monster count
 E = Vault monster count
 F = Vault count percentage of total count
                 A         B        C        D         E       F
            +---------+---------+-------+---------+---------+-------
      Total |      51 |       0 |   0.0 |      14 |       0 |   0.0
            +---------+---------+-------+---------+---------+-------
        D:1 |       3 |       0 |   0.0 |       2 |       0 |   0.0
        D:2 |      44 |       0 |   0.0 |       9 |       0 |   0.0
        D:3 |       4 |       0 |   0.0 |       3 |       0 |   0.0
            +---------+---------+-------+---------+---------+-------
